 Dungeon Crawl Stone Soup version 0.17.1-1-g73c8601 (console) character file.

254 Kloppie the Chopper (level 5, -1/46 HPs)
             Began as a Centaur Gladiator on Dec 28, 2015.
             Was an Initiate of Makhleb.
             Slain by a killer bee (6 damage)
             ... on level 6 of the Dungeon.
             The game lasted 00:06:35 (3047 turns).

Kloppie the Chopper (Centaur Gladiator)             Turns: 3047, Time: 00:06:35

Health: -1/46      AC: 10    Str: 17    XL:     5   Next: 91%
Magic:  5/5        EV: 10    Int:  7    God:    Makhleb [......]
Gold:   193        SH:  0    Dex: 11    Spells: 0 memorised, 4 levels left

rFire  . . .     SeeInvis .     a - +0 war axe
rCold  . . .     Clarity  .     u - +0 chain mail
rNeg   . . .     SustAt   .     (no shield)
rPois  .         Gourm    .     c - +0 helmet
rElec  .         Spirit   .     B - +0 cloak
rCorr  .         Warding  .     (no gloves)
rMut   .         Stasis   .     (no barding)
MR     .....                    (no amulet)
Stlth  ..........               q - +5 ring of evasion
                                (no ring)

@: lethally poisoned (-1 -> -12), very quick, not resistant to hostile
enchantments, extremely unstealthy
A: hooves 3, deformed body, speed 2, tough skin 3
a: Renounce Religion


You were on level 6 of the Dungeon.
You worshipped Makhleb.
Makhleb was noncommittal.
You were hungry.

You visited 2 branches of the dungeon, and saw 8 of its levels.

You collected 193 gold pieces.

Inventory:

Hand Weapons
 a - a +0 war axe (weapon)
Missiles
 d - 3 throwing nets (quivered)
Armour
 c - a +0 helmet (worn)
 u - a +0 chain mail (worn)
 A - a +0 helmet
 B - a +0 cloak (worn)
Jewellery
 q - a +5 ring of evasion (right hand)
Wands
 b - a wand of frost (20)
Scrolls
 f - a scroll of immolation {unknown}
 h - 5 scrolls of remove curse
 i - 3 scrolls of magic mapping {unknown}
 m - 3 scrolls of fear
 n - 3 scrolls of enchant weapon {unknown}
 p - a scroll of fog {unknown}
 x - 4 scrolls of identify {unknown}
 y - a scroll of recharging {unknown}
Potions
 g - a potion of agility {unknown}
 j - a potion of curing
 l - 3 potions of haste {unknown}
 o - a potion of might {unknown}
 r - a potion of ambrosia {unknown}
 s - a potion of degeneration {unknown}
 t - a potion of magic {unknown}
 v - a potion of resistance {unknown}
 z - 2 potions of lignification {unknown}
 C - a potion of heal wounds {unknown}
 D - 2 potions of berserk rage {unknown}
Books
 w - a book of Unlife

   Spells                             Type                      Level
   a - Recall                         Summoning/Translocation      3
   b - Animate Dead                   Necromancy                   4
   c - Control Undead                 Necromancy                   4
   d - Cigotuvi's Embrace             Necromancy                   5
   e - Death Channel                  Necromancy                   6
   f - Simulacrum                     Ice/Necromancy               6
Comestibles
 e - 3 bread rations
 k - a meat ration


   Skills:
 + Level 3.9 Fighting
 + Level 4.1 Axes
 - Level 2.1 Throwing
 + Level 2.3 Armour
 - Level 2.1 Dodging


You had 4 spell levels left.
You didn't know any spells.

Dungeon Overview and Level Annotations

Branches:
Dungeon (7/15)             Temple (1/1) D:6

Altars:
Dithmenos
Elyvilon
Fedhas
Gozag
Kikubaaqudgha
Makhleb
Okawaru
Ru
Sif Muna
Trog
Xom
Zin
The Shining One

Annotations:
D:3 Andry07's ghost, amateur VSFi
D:4 Acur's ghost, amateur OpAs
D:5 Kloppie's ghost, amateur CeGl
D:6 Nyvrem's ghost, novice DsFi


Innate Abilities, Weirdness & Mutations

You have hooves in place of feet.
Armour fits poorly on your strangely shaped body.
You cover ground very quickly.
You have extremely tough skin (AC +3).


Message History

* * * LOW HITPOINT WARNING * * *
You are poisoned.
The killer bee poisons you!
You miss the killer bee.
The killer bee is moderately wounded.
You feel sick. The killer bee closely misses you.
The killer bee stings you but does no damage.
The killer bee stings you.
* * * LOW HITPOINT WARNING * * *
You closely miss the killer bee.
The killer bee is moderately wounded.
You feel sick. The killer bee misses you.
The killer bee stings you but does no damage.
You closely miss the killer bee.
The killer bee is moderately wounded.
You feel sick. The killer bee stings you.
* * * LOW HITPOINT WARNING * * *
You are lethally poisoned!
The killer bee poisons you! The killer bee stings you.
You die...

.................. #..
...<........................ #..
............................. #..
#.................[...........#..
#...................##.......##..
#....###...####.....##.......##..
########รท..####.....##...........
#...........................
#..........@........<.......
#..........y................
#.......................##..
##.....#..##...##....(..##..
###########...##.......##..
#....##.......##..
#.......>.........
#.................
#...(.............


You could see a killer bee.

Vanquished Creatures
  A scorpion (D:5)
  A hound (D:6)
  An iguana (D:4)
  A hound skeleton (D:7)
  3 gnolls
  5 adders
  An ooze (D:3)
  2 worms
  3 giant geckos
  5 orcs
  2 giant cockroaches
  7 hobgoblins
  4 kobolds
  3 bats
  3 giant newts
  5 goblins
  A quokka skeleton (D:4)
  6 rats
54 creatures vanquished.

Notes
Turn   | Place    | Note
--------------------------------------------------------------
     0 | D:1      | Kloppie the Centaur Gladiator began the quest for the Orb.
     0 | D:1      | Reached XP level 1. HP: 17/17 MP: 1/1
   269 | D:1      | Reached XP level 2. HP: 12/24 MP: 2/2
   428 | D:2      | Reached skill level 3 in Axes
   445 | D:2      | Reached XP level 3. HP: 27/30 MP: 3/3
   709 | D:2      | Reached skill level 1 in Armour
  1273 | D:2      | You fall through a shaft!
  1394 | D:3      | Reached XP level 4. HP: 8/38 MP: 4/4
  1664 | D:3      | Found an iron altar of Okawaru.
  2106 | D:3      | Noticed Andry07's ghost (amateur VSFi)
  2183 | D:4      | Noticed Acur's ghost (amateur OpAs)
  2352 | D:4      | Reached XP level 5. HP: 33/45 MP: 5/5
  2515 | D:4      | Noticed an ogre
  2552 | D:5      | Entered Level 5 of the Dungeon
  2559 | D:5      | Reached skill level 4 in Axes
  2567 | D:5      | Noticed Kloppie's ghost (amateur CeGl)
  2848 | D:6      | Found a staircase to the Ecumenical Temple.
  2854 | D:6      | Noticed Nyvrem's ghost (novice DsFi)
  2857 | Temple   | Entered the Ecumenical Temple
  2917 | Temple   | Became a worshipper of Makhleb the Destroyer
  2958 | D:7      | Noticed a slave
  2958 | D:7      | Noticed a slave
  2960 | D:7      | Noticed a slave
  2961 | D:7      | Noticed a slave
  3047 | D:6      | Slain by a killer bee

Action                   |  1- 3 |  4- 6 || total
-------------------------+-------+-------++-------
Melee: War axe           |   117 |   109 ||   226
Throw: Throwing net      |     3 |     1 ||     4
  Use: Potion            |     1 |     2 ||     3
       Scroll            |       |     4 ||     4
  Eat: Chunk             |       |     5 ||     5
